 Dungeon Crawl Stone Soup version 0.13-a0-2700-g8dc4729 (webtiles) character file.

332 JacquesDerrida the Bolt Thrower (level 5, -18/30 HPs)
             Began as a Tengu Hunter on Aug 15, 2013.
             Was an Initiate of Kikubaaqudgha.
             Killed from afar by Ijyb (21 damage)
             ... with a wand of cold
             ... on Level 4 of the Dungeon.
             The game lasted 00:05:13 (2434 turns).

JacquesDerrida the Bolt Thrower (Tengu Hunter)      Turns: 2434, Time: 00:05:13

HP -18/30        AC  7     Str 12      XL: 5   Next: 87%
MP   8/8         EV 11     Int 18      God: Kikubaaqudgha [......]
Gold 122         SH  0     Dex 14      Spells:  0 memorised,  6 levels left

Res.Fire  : . . .   See Invis. : .   b - +1 crossbow
Res.Cold  : . . .   Warding    : .   d - +0 leather armour
Life Prot.: . . .   Conserve   : .   (no shield)
Res.Poison: .       Res.Corr.  : .   (helmet restricted)
Res.Elec. : .       Clarity    : .   k - +2 orc cloak
Sust.Abil.: . .     Spirit.Shd : .   q - +0 pair of elf gauntlets
Res.Mut.  : .       Stasis     : .   (boots unavailable)
Res.Rott. : .       Flight     : .   (no amulet)
Saprovore : . . .                    (no ring)
                                     (no ring)

@: brilliant, slightly resistant to hostile enchantments, unstealthy
A: able to fly, beak, talons 3
a: Fly, Renounce Religion


You were on level 4 of the Dungeon.
You worshipped Kikubaaqudgha.
Kikubaaqudgha was pleased with you.
You were hungry.

You visited 1 branch of the dungeon, and saw 4 of its levels.

You collected 102 gold pieces.

Inventory:

Hand weapons
 a - a +0,+0 short sword
 b - a +1,+1 crossbow (weapon)
Missiles
 c - 39 bolts (quivered)
 x - 3 darts of frost
Armour
 d - a +0 leather armour (worn)
 i - a +0 ring mail of fire resistance
 k - a +2 orcish cloak (worn)
 q - a +0 pair of elven gauntlets (worn)
Comestibles
 f - 2 bread rations
 l - a choko
 n - 2 rotting chunks of orc flesh
 z - a sausage
Scrolls
 e - 4 scrolls of identify
 p - a scroll of noise {unknown}
 r - a scroll of curse jewellery {unknown}
 t - a scroll of amnesia
 u - a scroll of recharging {unknown}
 w - a scroll of random uselessness {unknown}
 y - a scroll of teleportation {unknown}
 B - a scroll of remove curse
Potions
 g - a potion of paralysis {unknown}
 h - a potion of invisibility {unknown}
 j - a potion of curing
 m - a potion of cure mutation {unknown}
 o - a potion of heal wounds {unknown}
 s - a potion of speed {unknown}
 v - a potion of brilliance
 A - a potion of agility {unknown}


   Skills:
 - Level 1.0 Fighting
 * Level 7.3 Crossbows
 - Level 2.1 Dodging
 - Level 1.0 Stealth
 + Level 1.3 Spellcasting


You had 6 spell levels left.
You didn't know any spells.

Dungeon Overview and Level Annotations

Branches:
Dungeon (4/27)
 Temple: D:4-7

Altars:
Kikubaaqudgha

Annotations
D:4 Ijyb


Innate Abilities, Weirdness & Mutations

You can fly.
You have a beak for a mouth.
You have claws for feet.


Message History

It was a potion of brilliance.
Ijyb zaps a wand.
The bolt of cold hits you!
* * * LOW HITPOINT WARNING * * *
Drink which item? (? for menu, Esc to quit)
You feel better.
Firing (i - inventory. (,) - cycle):
c - 41 bolts (quivered)
Press: ? - help, Shift-Dir - straight line, f - Ijyb
Aim: Ijyb, wielding a glowing dagger, wearing an orcish leather armour and carrying a wand of cold {zapped: 3} You shoot a bolt.
The bolt hits Ijyb.
Ijyb is heavily wounded.
Ijyb zaps a wand.
The bolt of cold hits you!
* * * LOW HITPOINT WARNING * * *
Firing (i - inventory. (,) - cycle):
c - 40 bolts (quivered)
Press: ? - help, Shift-Dir - straight line, f/p - Ijyb
Aim: Ijyb, wielding a glowing dagger, wearing an orcish leather armour and carrying a wand of cold {zapped: 4} (heavily wounded)
You shoot a bolt. The bolt hits Ijyb.
Ijyb is severely wounded.
Ijyb zaps a wand.
The bolt of cold hits you!
Ouch! That really hurt!
You die...
Kikubaaqudgha rasps: "You have failed me!
Welcome... death!"

..<.##.#......#
....##.#......####...
......................
.......................
..####.####.######...#
.......####.######...#
....>.............g..#
.......####.###......#
#.####.# #.# #.@....#
#.####.# #.# #..%...#
........ #.# ##.#.###
#.####. #.# #.#.# #.#
#.# #.# . #.# #.# #.#
.. #.. . ... .# .. #.#
. . #.#


You could see Ijyb.

Vanquished Creatures
  An ogre (D:3)
  3 gnolls (D:3)
  6 adders
  2 giant geckos (D:1)
  3 orcs (D:3)
  4 giant cockroaches
  6 goblins
  7 hobgoblins
  7 bats
  2 giant newts
  5 kobolds
  11 rats
57 creatures vanquished.

Notes
Turn   | Place    | Note
--------------------------------------------------------------
     0 | D:1      | JacquesDerrida, the Tengu Hunter, began the quest for the Orb.
     0 | D:1      | Reached XP level 1. HP: 12/12 MP: 0/0
   320 | D:1      | Reached XP level 2. HP: 17/17 MP: 2/2
   424 | D:1      | Reached skill level 5 in Crossbows
  1016 | D:2      | Reached XP level 3. HP: 21/21 MP: 3/3
  1217 | D:2      | Reached skill level 6 in Crossbows
  1217 | D:2      | Reached XP level 4. HP: 23/26 MP: 4/4
  1617 | D:3      | Found an ancient bone altar of Kikubaaqudgha.
  1624 | D:3      | Became a worshipper of Kikubaaqudgha
  1726 | D:3      | Reached XP level 5. HP: 26/30 MP: 6/6
  2226 | D:3      | Noticed an ogre
  2231 | D:3      | Killed an ogre
  2231 | D:3      | Reached skill level 7 in Crossbows
  2231 | D:3      | Reached skill level 1 in Spellcasting
  2426 | D:4      | Noticed Ijyb
  2434 | D:4      | Killed from afar by Ijyb

Action                   |  1- 3 |  4- 6 || total
-------------------------+-------+-------++-------
Melee: Short sword       |    65 |    57 ||   122
 Fire: Crossbow          |     6 |    22 ||    28
  Use: Potion            |       |     3 ||     3
       Scroll            |       |     2 ||     2
